%YAML 1.1
%TAG !u! tag:unity3d.com,2011:
--- !u!1 &6950784045173454735
GameObject:
  m_ObjectHideFlags: 0
  m_CorrespondingSourceObject: {fileID: 0}
  m_PrefabInstance: {fileID: 0}
  m_PrefabAsset: {fileID: 0}
  serializedVersion: 6
  m_Component:
  - component: {fileID: 6950784045173454732}
  m_Layer: 0
  m_Name: People
  m_TagString: Untagged
  m_Icon: {fileID: 0}
  m_NavMeshLayer: 0
  m_StaticEditorFlags: 0
  m_IsActive: 1
--- !u!4 &6950784045173454732
Transform:
  m_ObjectHideFlags: 0
  m_CorrespondingSourceObject: {fileID: 0}
  m_PrefabInstance: {fileID: 0}
  m_PrefabAsset: {fileID: 0}
  m_GameObject: {fileID: 6950784045173454735}
  m_LocalRotation: {x: 0, y: 0, z: 0, w: 1}
  m_LocalPosition: {x: 0, y: 0, z: 0}
  m_LocalScale: {x: 1, y: 1, z: 1}
  m_Children: []
  m_Father: {fileID: 6950784046234711826}
  m_RootOrder: 0
  m_LocalEulerAnglesHint: {x: 0, y: 0, z: 0}
--- !u!1 &6950784046234711839
GameObject:
  m_ObjectHideFlags: 0
  m_CorrespondingSourceObject: {fileID: 0}
  m_PrefabInstance: {fileID: 0}
  m_PrefabAsset: {fileID: 0}
  serializedVersion: 6
  m_Component:
  - component: {fileID: 6950784046234711826}
  - component: {fileID: 6950784046234711837}
  - component: {fileID: 6950784046234711836}
  m_Layer: 0
  m_Name: PersonManager
  m_TagString: Untagged
  m_Icon: {fileID: 0}
  m_NavMeshLayer: 0
  m_StaticEditorFlags: 0
  m_IsActive: 1
--- !u!4 &6950784046234711826
Transform:
  m_ObjectHideFlags: 0
  m_CorrespondingSourceObject: {fileID: 0}
  m_PrefabInstance: {fileID: 0}
  m_PrefabAsset: {fileID: 0}
  m_GameObject: {fileID: 6950784046234711839}
  m_LocalRotation: {x: 0, y: 0, z: 0, w: 1}
  m_LocalPosition: {x: 0, y: 0, z: 0}
  m_LocalScale: {x: 1, y: 1, z: 1}
  m_Children:
  - {fileID: 6950784045173454732}
  m_Father: {fileID: 0}
  m_RootOrder: 0
  m_LocalEulerAnglesHint: {x: 0, y: 0, z: 0}
--- !u!114 &6950784046234711837
MonoBehaviour:
  m_ObjectHideFlags: 0
  m_CorrespondingSourceObject: {fileID: 0}
  m_PrefabInstance: {fileID: 0}
  m_PrefabAsset: {fileID: 0}
  m_GameObject: {fileID: 6950784046234711839}
  m_Enabled: 1
  m_EditorHideFlags: 0
  m_Script: {fileID: 11500000, guid: ff98778ae051cfd40a6e4effdf851ebd, type: 3}
  m_Name: 
  m_EditorClassIdentifier: 
  SecondsTimeout: 10
  Serializer: 0
  protocol: 0
  RosBridgeServerUrl: ws://127.0.0.1:9090
--- !u!114 &6950784046234711836
MonoBehaviour:
  m_ObjectHideFlags: 0
  m_CorrespondingSourceObject: {fileID: 0}
  m_PrefabInstance: {fileID: 0}
  m_PrefabAsset: {fileID: 0}
  m_GameObject: {fileID: 6950784046234711839}
  m_Enabled: 1
  m_EditorHideFlags: 0
  m_Script: {fileID: 11500000, guid: 1fa1d40c6edec0ba198dea444fdee80c, type: 3}
  m_Name: 
  m_EditorClassIdentifier: 
  Topic: /publish_positions/tracked_persons
  TimeStep: 0
  PersonPrefabs:
  - {fileID: 6753444995549578673, guid: effefae6697da42058de366667cf3c59, type: 3}
  - {fileID: 6505947589499767869, guid: ccacb71fa15db4582be10c9113c3d38f, type: 3}
  - {fileID: 1438840472330646082, guid: d39aee1320d787c2bbe1ae5ce4807876, type: 3}
  - {fileID: 3779024592299472068, guid: d6338ecff8725bee7aab131a3b08fd9d, type: 3}
  - {fileID: 5735801932008531460, guid: ba43804db1f92b48e9a7505306ae7130, type: 3}
  - {fileID: 6899121717694066458, guid: 51592242d63979c7a82d6fcd97e7870e, type: 3}
  PeopleObjectName: People
  useRobot: 1
  RobotPrefab: {fileID: 6355361637758834714, guid: cfc5aa7756c5a0b988fd404467959679,
    type: 3}
  UseRobotAsPersonId: 0
